 Dungeon Crawl Stone Soup version 0.20-a0-217-g17e8ceb (webtiles) character file.

291584 Hazorath the Axe Maniac (level 20, 193/193 HPs)
             Began as a Hill Orc Fighter on May 6, 2016.
             Was the Champion of Okawaru.
             Quit the game on level 12 of the Dungeon on Nov 29, 2016.
             The game lasted 03:18:25 (51873 turns).

Hazorath the Axe Maniac (Hill Orc Fighter)         Turns: 51873, Time: 03:18:26

Health: 193/193    AC: 33    Str: 34    XL:     20   Next: 78%
Magic:  9/9        EV: 17    Int:  8    God:    Okawaru [******]
Gold:   1544       SH:  0    Dex: 29    Spells: 20/26 levels left

rFire  + . .     SeeInvis .     H - +10 executioner's axe "Qydymeb" {antimagic, rElec Str+2 Dex+4}
rCold  + . .     Gourm    +     l - +4 plate armour {rF+}
rNeg   . . .     Faith    .     (shield currently unavailable)
rPois  +         Spirit   .     h - +2 hat "Ozuyf Hef" {Dex+4}
rElec  +         Reflect  .     u - +1 cloak of Prudence {Str+6}
rCorr  .         Harm     .     T - +2 pair of gloves {Dex+3}
MR     ++++.                    U - +1 pair of boots {run}
Stlth  ..........               A - amulet of the gourmand
                                x - ring of Veresor {rPois rC+ MR+ Dex+6}
                                L - ring of Ryuptoh {MR++ EV+4}

@: drained, quick
A: no striking features
}: 2/15 runes: decaying, serpentine
a: Heroism, Finesse, Renounce Religion


You were on level 12 of the Dungeon.
You worshipped Okawaru.
Okawaru was exalted by your worship.
You were full.

You visited 7 branches of the dungeon, and saw 34 of its levels.
You also visited: Labyrinth and Ice Cave.

You collected 4028 gold pieces.
You spent 2484 gold pieces at shops.

Inventory:

Hand Weapons
 r - a +1 battleaxe of flaming
 z - the +8 lance "Wyrmbane" {slay drac, +Rage rPois rF+ AC+5}
   (You took it off a minotaur in a labyrinth)

   It affects your AC (+5).
   It protects you from fire.
   It protects you from poison.
   It lets you go berserk.
 H - the +10 executioner's axe "Qydymeb" (weapon) {antimagic, rElec Str+2 Dex+4}
   (You acquired it on level 8 of the Lair of Beasts)

   It reduces the magical energy of the wielder, and disrupts the spells and
   magical abilities of those hit.
   Natural abilities and divine invocations are not affected.
   It affects your strength (+2).
   It affects your dexterity (+4).
   It insulates you from electricity.
Armour
 h - the +2 hat "Ozuyf Hef" (worn) {Dex+4}
   (Okawaru gifted it to you on level 6 of the Lair of Beasts)

   It affects your dexterity (+4).
 l - a +4 plate armour of fire resistance (worn)
 u - the +1 cloak of Prudence (worn) {Str+6}
   (You bought it in a shop on level 2 of the Orcish Mines)

   It affects your strength (+6).
 I - a +2 hat of see invisible
 J - +2 ice dragon scales
 T - a +2 pair of gloves of dexterity (worn)
 U - a +1 pair of boots of running (worn)
 Y - a +1 cloak of cold resistance
Jewellery
 o - a cursed ring of protection from fire
 x - the ring of Veresor (right hand) {rPois rC+ MR+ Dex+6}
   (You took it off a minotaur in a labyrinth)

   [ring of protection from magic]

   It affects your dexterity (+6).
   It protects you from cold.
   It protects you from poison.
   It affects your resistance to hostile enchantments.
 A - an amulet of the gourmand (around neck)
 B - an uncursed ring of poison resistance
 D - the ring "Xickiel" {EV+5 Int+3 SInv}
   (You found it on level 3 of the Elven Halls)

   [ring of evasion]

   It affects your evasion (+5).
   It affects your intelligence (+3).
   It lets you see invisible.
 L - the ring of Ryuptoh (left hand) {MR++ EV+4}
   (You bought it in a shop on level 5 of the Dungeon)

   [ring of evasion]

   It affects your evasion (+4).
   It affects your resistance to hostile enchantments.
 W - an uncursed ring of protection from fire
 X - an uncursed ring of protection from cold
 Z - an uncursed ring of resist corrosion
Wands
 j - a wand of digging (9/24)
 s - a wand of confusion (24/48)
 t - a wand of lightning (10/15)
 w - a wand of paralysis (14/24)
 y - a wand of teleportation (4/9)
 C - a wand of disintegration (14/24)
 K - a wand of iceblast (11/15)
 N - a wand of teleportation (3/9)
Scrolls
 b - a scroll of enchant weapon
 c - 2 scrolls of holy word
 m - 5 scrolls of identify
 q - a scroll of summoning
 v - 6 scrolls of magic mapping
 E - 15 scrolls of teleportation
 G - 6 scrolls of blinking
 O - 17 scrolls of remove curse
 P - a scroll of brand weapon
 S - 3 scrolls of recharging
 V - 2 scrolls of fear
Potions
 a - 3 potions of flight
 d - a potion of might
 g - 3 potions of haste
 i - 12 potions of curing
 k - 5 potions of agility
 p - 3 potions of invisibility
 M - 3 potions of cancellation
 R - a potion of berserk rage
Books
 e - a book of the Earth

   Spells                             Type                      Level
   a - Leda's Liquefaction            Hexes/Earth                  4
   b - Bolt of Magma                  Conjuration/Fire/Earth       5
   c - Statue Form                    Transmutation/Earth          6
   d - Iron Shot                      Conjuration/Earth            6
   e - Shatter                        Earth                        9
 F - a book of Death

   Spells                             Type                      Level
   a - Corpse Rot                     Necromancy                   2
   b - Sublimation of Blood           Necromancy                   2
   c - Agony                          Necromancy                   5
   d - Dispel Undead                  Necromancy                   5
   e - Excruciating Wounds            Charms/Necromancy            5
   f - Bolt of Draining               Conjuration/Necromancy       5
Miscellaneous
 Q - a legendary deck of summoning {Foxfire}
Comestibles
 f - 20 bread rations
 n - 13 meat rations


   Skills:
 + Level 20.1(18.5) Fighting
 O Level 27(25.1) Axes
 + Level 18.8(17.1) Armour
 - Level 5.8(4.6) Dodging
   Level 3.2(2.1) Shields
 - Level 3.6(2.4) Spellcasting
 + Level 1.7(0.7) Charms
 - Level 10.2(8.8) Invocations
 - Level 6.1(4.9) Evocations


You had 20 spell levels left.
You knew the following spells:

 Your Spells              Type           Power        Failure   Level  Hunger
a - Blink                 Tloc           N/A          99%         2    ###....
b - Song of Slaying       Chrm           #.......     99%         2    ###....
c - Passwall              Tmut/Erth      #.........   99%         2    ###....


Dungeon Overview and Level Annotations

Branches:
Dungeon (12/15)            Temple (1/1) D:5            Lair (8/8) D:8
  Swamp (4/4) Lair:3        Snake (4/4) Lair:6        Slime (0/6) Lair:6
    Orc (2/2) D:10            Elf (3/3) Orc:2

Altars:
Ashenzari
Cheibriados
Dithmenos
Elyvilon
Fedhas
Gozag
Kikubaaqudgha
Makhleb
Nemelex Xobeh
Okawaru
Qazlal
Ru
Sif Muna
Trog
Vehumet
Xom
Yredelemnul
Zin
The Shining One
Beogh
Jiyva

Shops:
D:5 =   D:8 ?%   D:9 !   D:10 }   D:11 [   Orc:2 *(:[?   Elf:1 :   Elf:2 [


Message History

a ring of protection; a +1 ring of evasion; an uncursed amulet of harm
There is an escape hatch in the ceiling here.
Items here: )) ? | a glowing dagger; a crooked jewelled staff; the +1 mace of Variability {chaos} a scroll of random uselessness Sorry, you can't auto-travel out of here.
Welcome back to the Dungeon! x2
There is an empty arch of ancient stone here.
Save game and exit?
Welcome back, Hazorath the Hill Orc Fighter.
Okawaru says: Bring me glory in combat!
Press ? for a list of commands and other information.
You now have 1544 gold pieces (gained 12).
Your pack is full.
You see here a wand of lightning.
Welcome back, Hazorath the Hill Orc Fighter.
Okawaru says: Bring me glory in combat!
Press ? for a list of commands and other information.
You can't carry that many items.
Are you sure you want to abandon this character and quit the game? (Confirm with "yes".)

,,,,,,,,..........#.## *#........
,,**,,,,.........#...## #.......<
,,*,,,,,.........#.∩..####.....#.
,,,,,,,,.........................
,,,,,,,,.........................
,,,,,,,,....)....................
,,,,,,,,.........................
,,,,,,,,.........................
,,,,,≈,,,..≈....@................
,,,,,≈,,,≈≈≈≈...................>
,,,,≈≈≈≈,≈≈≈≈≈................†..
,,,,≈≈≈≈≈≈≈≈≈≈..................)
,,,≈≈≈≈≈≈≈§≈≈....................
,,,≈≈≈≈≈≈≈§≈.....................
,,,≈≈≈≈≈≈≈§......#.........###.##
,,,≈≈≈≈≈≈≈§...............,**..,.
,,,≈≈≈≈≈≈,,,,,,,,*,,,*,,.,**#..*.


There were no monsters in sight!

Vanquished Creatures
  Mara (Snake:4)
  Saint Roka (Orc:2)
  Nikola (Swamp:2)
  The ghost of Maxmaps the Brawler, an adept DrMo of Cheibriados (Snake:4)
  An Ice Fiend (IceCv)
  Asterion (Snake:3)
  6 deep elf blademasters
  2 deep elf master archers (Elf:3)
  The ghost of Absolute0 the Fencer, an adept DrSk of Qazlal (Elf:2)
  Frances (Swamp:2)
  4 thorn hunters
  Agnes (Snake:1)
  A storm dragon (shapeshifter) (Elf:3)
  Kirke (Lair:6)
  9 nagarajas
  Donald (Snake:4)
  Aizul (Snake:1)
  6 deep elf sorcerers
  The ghost of aTarkinC the Devastator, an adept GrFE of Vehumet (Snake:4)
  5 deep elf elementalists (Elf:3)
  A deep elf demonologist (Elf:3)
  Azrael (Orc:2)
  6 deep elf annihilators
  A large abomination (Elf:3)
  The ghost of Quilel the Unseen, a journeyman DEEn of Kikubaaqudgha (Lair:7)
  A minotaur (Lab)
  A fire dragon (Lair:8)
  Josephine (Lair:6)
  4 deep elf death magi (Elf:3)
  The ghost of tornocean the Cleaver, a journeyman MiBe of Trog (D:12)
  2 deep elf high priests (Elf:3)
  Harold (Lair:4)
  The ghost of killjoy the Blocker, a journeyman MiFi of Okawaru (D:11)
  11 naga warriors
  2 ghost crabs
  19 hydras
  12 anacondas
  24 dancing weapons
  5 alligators
  4 death yaks
  10 naga sharpshooters
  An orc high priest (Orc:2)
  11 shock serpents
  19 deep elf knights
  3 salamander mystics
  10 naga ritualists
  16 swamp dragons
  2 shambling mangroves (Swamp:4)
  2 necromancers
  4 hill giants
  8 deep elf archers
  5 orc knights
  Pikel (D:8)
  15 mana vipers
  A wolf spider zombie (D:11)
  4 orc sorcerers
  A removed MONS_GRIFFON (Lair:6)
  4 elephants (Lair:2)
  64 deep elf magi
  An oklob plant (D:11)
  7 salamanders
  A cyclops (D:11)
  2 hornets
  2 ice statues
  6 guardian serpents
  36 black mambas
  A centaur zombie (D:7)
  Psyche (D:11)
  A centaur skeleton (D:7)
  2 torpor snails
  5 rime drakes
  3 freezing wraiths (IceCv)
  19 naga magi
  24 spiny frogs
  4 komodo dragons
  A golden dragon simulacrum (IceCv)
  2 anaconda simulacra (IceCv)
  4 ice devils (IceCv)
  2 wolf spider simulacra (IceCv)
  5 trolls
  9 polar bears
  13 bog bodies
  3 two-headed ogres
  14 blink frogs
  5 tyrant leeches
  5 raiju (Lair:8)
  20 slime creatures
  Sigmund (D:4)
  4 air elementals
  4 water elementals
  5 spriggans
  2 shadows (Swamp:2)
  4 wraiths (Lair:6)
  3 wyverns
  A human (D:7)
  3 dire elephant simulacra (IceCv)
  6 fire elementals
  8 hogs
  A tyrant leech zombie (Swamp:4)
  42 yaks
  7 basilisks
  13 hippogriffs
  2 steam dragons (Lair:8)
  2 hungry ghosts
  2 death yak simulacra (IceCv)
  10 vampire mosquitoes
  2 acid dragons (Lair:8)
  11 wargs
  A soldier ant (D:11)
  12 swamp worms
  3 harpy simulacra (IceCv)
  3 iron troll simulacra (IceCv)
  19 water moccasins
  59 nagas
  10 hell hounds
  A spiny frog zombie (Swamp:4)
  24 porcupines
  28 orc warriors
  A hydra simulacrum (IceCv)
  14 swamp drakes
  4 sky beasts
  3 ice beasts
  A slave (D:8)
  16 black bears
  A phantom (D:4)
  14 removed MONS_WASPs
  2 ettin simulacra (IceCv)
  38 wolves
  11 ogres
  An elephant zombie (Lair:6)
  5 centaurs
  21 crocodiles
  A big kobold (D:11)
  24 bullfrogs
  2 earth elementals
  6 killer bees (D:8)
  3 scorpions
  2 electric eels (Lair:6)
  2 howler monkeys
  2 bullfrog zombies
  4 crimson imps
  2 lava snakes (Lair:2)
  2 draconian simulacra (IceCv)
  2 basilisk zombies (Lair:6)
  14 hounds
  19 orc priests
  11 jellies
  A bullfrog skeleton (D:11)
  9 iguanas
  18 orc wizards
  11 worker ants
  A polar bear simulacrum (IceCv)
  3 troll simulacra (IceCv)
  A killer bee zombie (D:10)
  21 removed MONS_SHEEPs
  4 centaur simulacra (IceCv)
  A crocodile zombie (Lair:6)
  4 worker ant zombies
  Robin (D:3)
  4 gnolls (D:8)
  A howler monkey skeleton (D:5)
  A naga simulacrum (IceCv)
  14 adders
  4 ogre simulacra (IceCv)
  115 river rats
  A swamp drake zombie (Swamp:4)
  3 shadow imps
  3 white imps (IceCv)
  3 ufetubi (IceCv)
  16 oozes (D:11)
  2 adder skeletons
  3 dart slugs
  6 leopard geckos
  76 orcs
  7 bats
  5 giant cockroaches
  7 hobgoblins
  21 jackals
  12 kobolds
  10 quokkas
  3 ball pythons
  4 frilled lizards
  15 goblins
  3 jackal skeletons
  2 quokka skeletons (D:4)
  6 rats
  9 briar patches (Swamp:3)
  2 crawling corpses (Elf:3)
  8 fungi
  14 plants
  A spectral weapon (Snake:3)
1501 creatures vanquished.

Vanquished Creatures (collateral kills)
  3 river rats (Lair:2)
3 creatures vanquished.

Vanquished Creatures (others)
  A tyrant leech (Swamp:3)
  2 slaves (D:8)
  A bullfrog (D:8)
  An adder (D:8)
  A shadow imp (D:8)
  A white imp (IceCv)
  9 ufetubi (IceCv)
  A quokka (D:9)
  A briar patch (Swamp:3)
  18 fungi
  17 plants
53 creatures vanquished.

Grand Total: 1557 creatures vanquished

Notes
Turn   | Place    | Note
-------+----------+-------------------------------------------
     0 | D:1      | Hazorath the Hill Orc Fighter began the quest for the Orb.
     0 | D:1      | Reached XP level 1. HP: 19/19 MP: 1/1
   330 | D:1      | Reached skill level 3 in Axes
   330 | D:1      | Reached XP level 2. HP: 27/27 MP: 2/2
  1112 | D:2      | Found a sacrificial altar of Ru.
  1117 | D:2      | Reached XP level 3. HP: 28/33 MP: 3/3
  1247 | D:2      | Reached skill level 4 in Axes
  1304 | D:2      | Found an opulent altar of Gozag.
  1625 | D:2      | Reached XP level 4. HP: 40/40 MP: 4/4
  1715 | D:2      | Found an opulent altar of Gozag.
  1715 | D:2      | Found a shadowy altar of Dithmenos.
  2146 | D:3      | Reached skill level 5 in Axes
  2366 | D:3      | Noticed Robin
  2390 | D:3      | Reached XP level 5. HP: 22/47 MP: 5/5
  2394 | D:3      | Killed Robin
  3168 | D:4      | Noticed Sigmund
  3201 | D:4      | Noticed an ice beast
  3764 | D:4      | Killed Sigmund
  3764 | D:4      | Reached skill level 5 in Fighting
  3764 | D:4      | Reached skill level 6 in Axes
  3764 | D:4      | Reached XP level 6. HP: 46/56 MP: 6/6
  4132 | D:4      | Noticed a phantom
  4155 | D:4      | Killed a phantom
  4155 | D:4      | Reached skill level 7 in Axes
  4155 | D:4      | Reached XP level 7. HP: 31/62 MP: 7/7
  4549 | D:4      | Upgraded the game from 0.19-a0-46-g8690a2b to 0.19-a0-49-gb8736b8
  4590 | D:5      | Entered Level 5 of the Dungeon
  4699 | D:5      | Found Upparis's Jewellery Shop.
  4768 | D:5      | Reached skill level 5 in Armour
  4906 | D:5      | Found an iron altar of Okawaru.
  4911 | D:5      | Became a worshipper of Warmaster Okawaru
  5011 | D:5      | Found a staircase to the Ecumenical Temple.
  5033 | Temple   | Entered the Ecumenical Temple
  5307 | D:5      | Reached skill level 8 in Axes
  5955 | D:5      | Reached XP level 8. HP: 67/71 MP: 8/8
  6066 | D:6      | Reached * piety under Okawaru
  6066 | D:6      | Reached skill level 9 in Axes
  6352 | D:6      | Reached skill level 1 in Invocations
  6454 | D:6      | Identified a scroll of acquirement
  6680 | D:6      | Reached skill level 10 in Axes
  6975 | D:6      | Reached ** piety under Okawaru
  7020 | D:7      | Reached XP level 9. HP: 62/78 MP: 12/12
  7128 | D:7      | Reached skill level 11 in Axes
  7435 | D:7      | Reached *** piety under Okawaru
  7435 | D:7      | Reached skill level 12 in Axes
  7664 | D:7      | Reached **** piety under Okawaru
  7664 | D:7      | Reached XP level 10. HP: 90/90 MP: 13/13
  7768 | D:8      | Reached skill level 13 in Axes
  8032 | D:8      | Found a staircase to the Lair.
  8075 | D:8      | Found a burning altar of Makhleb.
  8141 | D:8      | Found Liefeore's Food Shoppe.
  8192 | D:8      | Reached ***** piety under Okawaru
  8361 | D:8      | Noticed Pikel
  8376 | D:8      | Killed Pikel
  8376 | D:8      | Reached skill level 14 in Axes
  8389 | D:8      | Found Putres's Magic Scroll Shoppe.
  8399 | D:8      | Bought a scroll of teleportation for 36 gold pieces
  8399 | D:8      | Bought a scroll of teleportation for 36 gold pieces
  8610 | D:8      | Found a shimmering altar of Xom.
  8612 | D:8      | Found a shimmering altar of Xom.
  8613 | D:8      | Found a shimmering altar of Xom.
  8613 | D:8      | Found a shimmering altar of Xom.
  8614 | D:8      | Found a shimmering altar of Xom.
  8614 | D:8      | Found a shimmering altar of Xom.
  8615 | D:8      | Found a shimmering altar of Xom.
  8616 | D:8      | Found a shimmering altar of Xom.
  8781 | Lair:1   | Entered Level 1 of the Lair of Beasts
  9032 | Lair:1   | Reached skill level 5 in Invocations
  9087 | Lair:1   | Reached XP level 11. HP: 92/99 MP: 13/15
  9837 | Lair:1   | Reached skill level 15 in Axes
 10348 | Lair:1   | Noticed a five-headed hydra
 10826 | D:9      | Found a white marble altar of Elyvilon.
 10926 | D:9      | Found Nolunt's Distillery.
 10931 | D:9      | Bought 2 potions of heal wounds for 130 gold pieces
 10949 | D:9      | Found an oddly glowing altar of Pakellas.
 10950 | D:9      | Noticed an eight-headed hydra
 11491 | D:10     | Entered Level 10 of the Dungeon
 11493 | D:10     | Noticed a hill giant
 11617 | D:10     | Killed a hill giant
 11617 | D:10     | Received a gift from Okawaru
 11617 | D:10     | Reached ****** piety under Okawaru
 12301 | D:10     | Found a staircase to the Orcish Mines.
 12513 | D:10     | Found Rocuc's Gadget Boutique.
 13138 | Orc:1    | Entered Level 1 of the Orcish Mines
 13264 | Orc:1    | Reached skill level 16 in Axes
 13556 | D:8      | Bought a scroll of remove curse for 36 gold pieces
 13794 | Orc:2    | Entered Level 2 of the Orcish Mines
 13794 | Orc:2    | Noticed an orc knight
 13794 | Orc:2    | Noticed an orc sorcerer
 13894 | Orc:1    | Killed an orc knight
 14126 | Orc:2    | Noticed an orc knight
 14170 | D:11     | Noticed a cyclops
 14309 | D:11     | Noticed a hill giant
 14318 | D:11     | Killed a hill giant
 14442 | D:11     | Noticed killjoy's ghost (journeyman MiFi)
 14468 | D:11     | Killed killjoy's ghost
 14468 | D:11     | Reached skill level 10 in Invocations
 14542 | D:11     | Reached XP level 12. HP: 98/106 MP: 19/19
 14566 | D:11     | Noticed Psyche
 14576 | D:11     | Killed Psyche
 14619 | D:11     | Noticed a six-headed hydra
 14672 | Lair:1   | Killed an eight-headed hydra
 14672 | Lair:1   | Reached skill level 1 in Evocations
 14858 | Lair:2   | Reached skill level 17 in Axes
 15760 | Lair:2   | Reached skill level 5 in Evocations
 16120 | Lair:2   | Received a gift from Okawaru
 16142 | Lair:2   | Identified a +1 pair of boots of running (Okawaru gifted it to you on level 2 of the Lair of Beasts)
 16233 | Lair:2   | Reached skill level 18 in Axes
 16545 | Lair:3   | Reached skill level 10 in Fighting
 16895 | Lair:3   | Reached XP level 13. HP: 103/113 MP: 20/20
 17038 | Lair:3   | Found a staircase to the Swamp.
 18113 | Lair:4   | Reached skill level 19 in Axes
 18130 | Lair:4   | Received a gift from Okawaru
 18131 | Lair:4   | Reached skill level 10 in Armour
 18166 | Lair:4   | Noticed Harold
 18182 | Lair:4   | Killed Harold
 18720 | Lair:5   | Got a transparent trident
 18721 | Lair:5   | Identified the +10 trident of Ytukytz {elec, rElec rPois rN+ MP-9} (You found it on level 5 of the Lair of Beasts)
 19680 | Lair:6   | Received a gift from Okawaru
 19683 | Lair:6   | Got a translucent hat {god gift}
 19694 | Lair:6   | Identified the +2 hat "Ozuyf Hef" {Dex+4} (Okawaru gifted it to you on level 6 of the Lair of Beasts)
 19958 | Lair:6   | Found a viscous altar of Jiyva.
 19959 | Lair:6   | Found a staircase to the Slime Pits.
 19986 | Lair:6   | Noticed Kirke
 20518 | Lair:6   | Noticed a sphinx
 20528 | Lair:6   | Killed Kirke
 20721 | Lair:6   | Reached skill level 20 in Axes
 20926 | Lair:6   | Found a staircase to the Snake Pit.
 21003 | Lair:6   | Noticed Josephine
 21009 | Lair:6   | Killed Josephine
 21009 | Lair:6   | Reached XP level 14. HP: 109/126 MP: 21/21
 21009 | Lair:6   | Reached skill level 1 in Dodging
 21901 | Lair:7   | Received a gift from Okawaru
 21916 | Lair:7   | Upgraded the game from 0.19-a0-49-gb8736b8 to 0.19-a0-75-g99403da
 22012 | Lair:7   | Reached skill level 1 in Spellcasting
 22153 | Lair:7   | Noticed Quilel's ghost (journeyman DEEn)
 22179 | Lair:7   | Killed Quilel's ghost
 22280 | Lair:7   | Received a gift from Okawaru
 22295 | Lair:7   | Upgraded the game from 0.19-a0-75-g99403da to 0.19-a0-97-g21dea92
 22940 | Lair:8   | Entered Level 8 of the Lair of Beasts
 23949 | Lair:8   | Got a crude executioner's axe
 23950 | Lair:8   | Identified the +10 executioner's axe "Qydymeb" {antimagic, rElec Str+2 Dex+4} (You acquired it on level 8 of the Lair of Beasts)
 25382 | Orc:2    | Reached XP level 15. HP: 119/137 MP: 7/22
 25436 | Orc:2    | Found Umax's Magic Scroll Boutique.
 25449 | Orc:2    | Bought a scroll of enchant weapon for 105 gold pieces
 25449 | Orc:2    | Bought a scroll of enchant armour for 105 gold pieces
 25449 | Orc:2    | Bought a scroll of blinking for 105 gold pieces
 25449 | Orc:2    | Bought a scroll of blinking for 105 gold pieces
 25460 | Orc:2    | Noticed Azrael
 25486 | Orc:2    | Killed Azrael
 25486 | Orc:2    | Received a gift from Okawaru
 25504 | Orc:2    | Got a pair of jewelled boots {god gift}
 25515 | Orc:2    | Identified the -4 pair of boots "Larymon" {Str+5} (Okawaru gifted it to you on level 2 of the Orcish Mines)
 25556 | Orc:2    | Paralysed by an orc sorcerer for 2 turns
 25874 | Orc:2    | Found a roughly hewn altar of Beogh.
 25875 | Orc:2    | Noticed Saint Roka
 26667 | Orc:2    | Killed Saint Roka
 26667 | Orc:2    | Reached skill level 21 in Axes
 26981 | Orc:2    | Found Idicvif's Book Boutique.
 27278 | Orc:2    | Found a staircase to the Elven Halls.
 27324 | Orc:2    | Found Obideil's Antique Weapon Boutique.
 27541 | Orc:2    | Found Izxiguid's Antique Armour Boutique.
 27547 | Orc:2    | Bought a faintly humming cloak for 199 gold pieces
 27557 | Orc:2    | Identified the +1 cloak of Prudence {Str+6} (You bought it in a shop on level 2 of the Orcish Mines)
 27565 | Orc:2    | Found Tiqaap's General Store.
 27573 | Orc:2    | Bought a scroll of enchant weapon for 135 gold pieces
 27573 | Orc:2    | Bought a potion of curing for 54 gold pieces
 27884 | D:5      | Bought the ring of Ryuptoh {MR++ EV+4} for 514 gold pieces
 28062 | Swamp:1  | Entered Level 1 of the Swamp
 29034 | Swamp:2  | Noticed Nikola
 29047 | Swamp:2  | Killed Nikola
 29200 | Swamp:2  | Received a gift from Okawaru
 29216 | Swamp:2  | Got a pitted battleaxe {god gift}
 29217 | Swamp:2  | Identified the +2 battleaxe of Pysoed {freeze, Str+5} (Okawaru gifted it to you on level 2 of the Swamp)
 29279 | Swamp:2  | Noticed Frances
 29298 | Swamp:2  | Reached skill level 15 in Fighting
 29310 | Swamp:2  | Killed Frances
 29310 | Swamp:2  | Reached skill level 22 in Axes
 29310 | Swamp:2  | Reached XP level 16. HP: 51/149 MP: 0/23
 29669 | Swamp:2  | Found a stormy altar of Qazlal.
 29864 | Swamp:3  | Noticed a thorn hunter
 29876 | Swamp:3  | Killed a thorn hunter
 30386 | Swamp:3  | Noticed a thorn hunter
 30402 | Swamp:3  | Killed a thorn hunter
 31095 | Swamp:3  | Noticed a thorn hunter
 31113 | Swamp:3  | Killed a thorn hunter
 31594 | Swamp:4  | Entered Level 4 of the Swamp
 31866 | Swamp:4  | Noticed a thorn hunter
 31895 | Swamp:4  | Received a gift from Okawaru
 31935 | Swamp:4  | Killed a thorn hunter
 31942 | Swamp:4  | Reached skill level 23 in Axes
 32594 | Swamp:4  | Got a decaying rune of Zot
 33222 | Snake:1  | Entered Level 1 of the Snake Pit
 33239 | Snake:1  | Received a gift from Okawaru
 33422 | Snake:1  | Reached XP level 17. HP: 135/158 MP: 8/24
 33618 | Snake:1  | Noticed Agnes
 33626 | Snake:1  | Killed Agnes
 34106 | Snake:1  | Noticed Aizul
 34126 | Snake:1  | Killed Aizul
 34150 | Snake:1  | Reached skill level 15 in Armour
 35098 | Snake:2  | Reached skill level 24 in Axes
 35638 | Snake:2  | Received a gift from Okawaru
 36601 | Snake:3  | Noticed Asterion
 36616 | Snake:3  | Killed Asterion
 37012 | Snake:4  | Entered Level 4 of the Snake Pit
 37015 | Snake:4  | Noticed Mara
 37292 | Snake:4  | Noticed Hazorath's illusion
 37455 | Snake:4  | Noticed Hazorath's illusion
 37465 | Snake:4  | Killed Mara
 37517 | Snake:4  | Noticed aTarkinC's ghost (adept GrFE)
 37535 | Snake:4  | Killed aTarkinC's ghost
 37660 | Snake:4  | Received a gift from Okawaru
 37670 | Snake:4  | Reached XP level 18. HP: 143/169 MP: 8/25
 37770 | Snake:4  | Reached skill level 25 in Axes
 37961 | Snake:4  | Received a gift from Okawaru
 39067 | Snake:4  | Received a gift from Okawaru
 39093 | Snake:4  | Noticed Maxmaps's ghost (adept DrMo)
 39119 | Snake:4  | Killed Maxmaps's ghost
 39119 | Snake:4  | Reached skill level 26 in Axes
 39593 | Snake:4  | Noticed Donald
 39618 | Snake:4  | Killed Donald
 39875 | Snake:4  | Got a serpentine rune of Zot
 40257 | Lair:1   | Upgraded the game from 0.19-a0-97-g21dea92 to 0.19-a0-143-gd109d65
 40383 | Elf:1    | Entered Level 1 of the Elven Halls
 40516 | Elf:1    | Found Micyxtih's Book Boutique.
 40592 | Elf:1    | Received a gift from Okawaru
 40657 | Elf:1    | Reached XP level 19. HP: 170/179 MP: 8/26
 41337 | Elf:2    | Noticed Absolute0's ghost (adept DrSk)
 41734 | Elf:2    | Killed Absolute0's ghost
 41758 | Elf:2    | Found a frozen archway.
 41788 | Elf:2    | Got a scorched leather armour
 41791 | IceCv    | Entered an ice cave
 42420 | IceCv    | Upgraded the game from 0.19-a0-143-gd109d65 to 0.19-a0-148-g706f639
 44057 | IceCv    | Noticed an Ice Fiend
 44812 | IceCv    | Killed an Ice Fiend
 45463 | IceCv    | Identified the +1 leather armour of Conscience {Regen+ Int+5 Dex-2 Slay+4} (You found it on level 2 of the Elven Halls)
 45556 | Elf:2    | Received a gift from Okawaru
 45557 | Elf:2    | Found Vuqagg's Armour Shoppe.
 45570 | Elf:2    | Got a pair of shimmering boots {god gift}
 45581 | Elf:2    | Identified the +1 pair of boots of Context {Int+3} (Okawaru gifted it to you on level 2 of the Elven Halls)
 45878 | Elf:2    | Found a radiant altar of Vehumet.
 45908 | Elf:2    | Reached skill level 27 in Axes
 46328 | Elf:2    | Found a huge runed gate.
 46328 | Elf:2    | Found a huge runed gate.
 46328 | Elf:2    | Found a huge runed gate.
 46328 | Elf:2    | Found a huge runed gate.
 46328 | Elf:2    | Found a huge runed gate.
 47181 | Elf:2    | Reached XP level 20. HP: 177/191 MP: 9/27
 47309 | Elf:3    | Entered Level 3 of the Elven Halls
 48307 | Elf:3    | Received a gift from Okawaru
 48338 | Elf:3    | HP: 7/193 [ghostly deep elf master archer/arrow (3)]
 48925 | Elf:3    | Reached skill level 5 in Dodging
 49399 | Elf:3    | Identified the Guide on Boosting Weightlessness
 49549 | Elf:3    | Identified the Papyrus of Orientation and Stones
 49588 | Elf:3    | Got a scintillating copper ring
 49589 | Elf:3    | Identified the ring "Xickiel" {EV+5 Int+3 SInv} (You found it on level 3 of the Elven Halls)
 49619 | Elf:3    | Upgraded the game from 0.19-a0-148-g706f639 to 0.19-a0-151-g039907c
 50383 | Elf:3    | Identified the Almanac of Noxious Transmigration
 50417 | Elf:3    | Identified the Collected Works on Warped Creation
 50873 | Lair:1   | Learned a level 2 spell: Blink
 50876 | Lair:1   | Learned a level 2 spell: Song of Slaying
 50879 | Lair:1   | Learned a level 2 spell: Passwall
 51036 | D:11     | Reached skill level 1 in Charms
 51599 | D:11     | Found Bibischuh's Antique Armour Shop.
 51604 | D:11     | Bought a fine plate armour for 924 gold pieces
 51614 | D:11     | Identified the +4 plate armour "Jiciocosch" {rF- Dex+3 SInv Stlth+} (You bought it in a shop on level 11 of the Dungeon)
 51677 | D:12     | Noticed tornocean's ghost (journeyman MiBe)
 51688 | D:12     | Killed tornocean's ghost
 51705 | D:12     | Found a labyrinth entrance.
 51718 | Lab      | Entered a labyrinth
 51805 | Lab      | Got a twitching marble ring
 51817 | Lab      | Identified the ring of Veresor {rPois rC+ MR+ Dex+6} (You took it off a minotaur in a labyrinth)
 51860 | D:12     | Upgraded the game from 0.19-a0-151-g039907c to 0.20-a0
 51873 | D:12     | Upgraded the game from 0.20-a0 to 0.20-a0-217-g17e8ceb
 51873 | D:12     | Quit the game

Vault maps used:
D:1:      dpeg_arrival_round_a, minmay_door_square
D:2:      old_standard_altar, gammafunk_temple_overflow_statue, first_bread,
          nicolae_gozag_seed_capital
D:3:      uniq_robin
D:4:      uniq_sigmund
D:5:      okawaru_gym_becter, minmay_temple_entry_junction2, serial_shops, shop
D:7:      grunt_livestock, hangedman_abyss_or_decor_lesser_grid
D:8:      xom_redecorated, makhleb_heckhound_becter, minmay_lair_entry_grove,
          serial_shops, shop, shop, uniq_pikel
D:9:      gammafunk_pakellas_cloud_experiment, elyvilon_altar_4, serial_shops,
          shop
D:10:     erik_orc_4, serial_shops, nicolae_shop_window_shopping
D:11:     lemuel_slime, serial_shops, shop, corexii_checkpoint_a, uniq_psyche
D:12:     lab_entry_generic, lemuel_old_faithful
Temple:   oiseaux_autumnal_temple_12
Lair:1:   beast_lair_carwin_2, serial_bayou_shore_b, grunt_megastairs_1
Lair:2:   bh_autumn_forest_stairs, lemuel_fruit_tree
Lair:3:   swamp_mist, grunt_megastairs_3
Lair:4:   serial_bayou_shore_a, grunt_megastairs_4, uniq_harold
Lair:5:   serial_bayou_shore_b
Lair:6:   pond_and_an_island_with_a_cottage, guppyfry_snake_entry_garden,
          slime_altar_1, serial_bayou_pond_a, uniq_josephine, uniq_kirke
Lair:8:   hangedman_lair_caniforms_friends, guppyfry_lair_end_dragon
Swamp:1:  nicolae_swamp_fairy_circle
Swamp:2:  nicolae_swamp_godswood, uniq_nikola, uniq_frances
Swamp:3:  nicolae_swamp_round_clearing, swamp_pool4
Swamp:4:  swamp_alternative, grunt_hermit_hut
Snake:1:  uniq_agnes, uniq_aizul
Snake:2:  kennysheep_six_static_rooms, special_room, grunt_ministairs_6,
          corexii_hall_statues_i
Snake:3:  uniq_asterion
Snake:4:  johnstein_snake_rune_scales, uniq_donald, uniq_mara
Orc:1:    basic_altar
Orc:2:    grunt_orc_cross, serial_shops, shop, uniq_saint_roka, uniq_azrael
Elf:1:    eino_elf_arrival_customs, serial_shops, nicolae_shop_trees,
          minmay_elf_crystal_hexagon
Elf:2:    serial_shops, shop, portal_ice_cave_entry_ice_statue_01, basic_altar
Elf:3:    minmay_elf_hall, hangedman_elf_power_crystal
Lab:      labyrinth_watery, labyrinth_skeletal_remains
IceCv:    ice_cave_caverns_02

Skill      XL: |  1  2  3  4  5  6  7  8  9 10 11 12 13 14 15 16 17 18 19 20 |
---------------+-------------------------------------------------------------+-----
Axes           | 3 4 5 6 7 8 10 12 14 16 18 20 22 23 24 26 27 | 27.0
Fighting       | 4 5 6 8 9 10 12 13 15 16 17 18 19 20 | 20.1
Armour         | 4 5 6 7 8 9 10 12 13 14 15 16 17 18 | 18.8
Invocations    | 4 5 10 | 10.2
Evocations     | 6 |  6.1
Dodging        | 1 3 5 |  5.8
Spellcasting   | 3 |  3.6
Charms         | 1 |  1.7
Shields        | |  3.2

Action                   |  1- 3 |  4- 6 |  7- 9 | 10-12 | 13-15 | 16-18 | 19-21 || total
-------------------------+-------+-------+-------+-------+-------+-------+-------++-------
Melee: War axe           |   100 |   191 |   142 |       |       |       |       ||   433
       Battleaxe         |       |       |    98 |   764 |   735 |    76 |     4 ||  1677
       Trident           |       |       |       |    39 |    31 |       |       ||    70
       Unarmed           |       |       |       |       |     9 |       |       ||     9
       Executioner's axe |       |       |       |       |   379 |   869 |   801 ||  2049
Invok: Heroism           |       |       |       |     6 |     5 |     4 |     3 ||    18
       Finesse           |       |       |       |     1 |     4 |     4 |     2 ||    11
Evoke: Wand              |       |       |       |    13 |       |       |       ||    13
  Use: Scroll            |     5 |     4 |     7 |    15 |     9 |     5 |    13 ||    58
       Potion            |       |       |       |       |     1 |    10 |     3 ||    14
 Stab: Confused          |       |       |       |       |       |     2 |       ||     2
       Distracted        |       |       |       |       |       |     1 |       ||     1
       Paralysed         |       |       |       |       |       |     1 |       ||     1
  Eat: Chunk             |     2 |     7 |    11 |    50 |    35 |    32 |    22 ||   159
       Beef jerky        |       |       |     1 |       |       |       |       ||     1
       Meat ration       |       |       |       |       |       |     1 |     2 ||     3
       Bread ration      |       |       |       |       |       |     1 |       ||     1
Armor: Scale mail        |    57 |   100 |    31 |       |       |       |       ||   188
       Chain mail        |       |       |    18 |       |       |       |       ||    18
       Plate armour      |       |       |    89 |   538 |   764 |   566 |   387 ||  2344
Dodge: Dodged            |    80 |    82 |   111 |   224 |   461 |   520 |   319 ||  1797
